Cogmind - Beta 17 @@@ ROGUE MODE // 2026.07.16 @ 23:00:46 Player: Sadani Result: Destroyed by 2X-CY9(j) with Overtuned Pulse Rifle Performance ------------- Evolutions (1) 500 Regions Visited (6) 1200 Robots Destroyed (69) 345 Value Destroyed (1690) 1690 Prototype IDs (11) 220 Alien Tech Used (0) 0 Bonus (1271) 1271 TOTAL SCORE: 5226 Bonus ------- High Alert Combat Kills 18 Follower Combat Kills 453 Registered with UFD 300 Met Optimus in HQ 500 Cogmind --------- Core Integrity 0/400 Matter 280/300 Energy 274/280 System Corruption 1% Temperature Cool (32) Movement Walking (190) Ox1 Location -9/Scraptown Parts ------- > --- POWER (1) -------- Cooled Ion Engine > --- PROPULSION (4) --- Overtuned Treads Improved Aluminum Leg Flexi-carbon Leg > --- UTILITY (2) ------ High-capacity Storage Unit Improved Medium Armor Plating > --- WEAPON (2) ------- Katana Companion Sword > --- INVENTORY (20) --- Improved Trap Scanner Experimental Sensor Array Improved Melee Analysis Suite Improved Heavy Armor Plating Authchip [R/Combat] Authchip [Propulsion] Authchip [Device] Authchip [Weapon] Component Analysis Suite Scrapoid Pod Improved Lightning Gun Advanced Beam Cannon Advanced Assault Cannon Heavy Rocket Launcher CPS Tube (2) Botcube Peak State ------------ > --- POWER ------------ Cooled Ion Engine > --- PROPULSION ------- Improved Aluminum Leg Improved Aluminum Leg Improved Carbon-fiber Leg Flexi-carbon Leg > --- UTILITY ---------- High-capacity Storage Unit Drone Bay > --- WEAPON ----------- Katana Companion Sword > --- INVENTORY -------- Improved Trap Scanner Experimental Sensor Array Improved Melee Analysis Suite Improved Medium Armor Plating Improved Heavy Armor Plating Authchip [R/Combat] Authchip [Propulsion] Authchip [Device] Authchip [Weapon] Component Analysis Suite Scrapoid Pod Improved Lightning Gun Advanced Beam Cannon Advanced Assault Cannon Heavy Rocket Launcher CPS Tube Botcube [Rating: 40] Favorites ----------- Power Cooled Ion Engine Engine Cooled Ion Engine Power Core Light Nuclear Core Propulsion Improved Aluminum Leg Treads Overtuned Treads Leg Improved Aluminum Leg Wheel Compact Wheel Flight Unit VTOL Module Utility High-capacity Storage Unit Device Drone Bay Storage High-capacity Storage Unit Processor Visual Processing Unit Hackware Hacking Suite Protection Hardened Light Armor Plating Weapon Heavy Assault Rifle Energy Gun Improved Medium Laser Energy Cannon Particle Cannon Ballistic Gun Heavy Assault Rifle Ballistic Cannon Advanced Assault Cannon Launcher Rocket Launcher Slashing Weapon Katana Build | -11 -10 -10 -9 -9 -9 -9 ------- Run | Yrd Mat Min Mat Sto Rec Scr Slots Evolved 2 | . . . 2 . . . Power . | . . . . . . . Propulsion 2 | . . . 2 . . . Utility . | . . . . . . . Weapon . | . . . . . . . Parts Attached 65 | 5 3 14 9 16 5 13 Power 6 | 1 . 2 1 1 . 1 Engine 4 | 1 . . 1 1 . 1 Core 2 | . . 2 . . . . Reactor . | . . . . . . . Propulsion 20 | 2 . 3 3 7 1 4 Treads 1 | . . . . . . 1 Leg 16 | 2 . 3 3 6 . 2 Wheel 2 | . . . . 1 1 . Hover . | . . . . . . . Flight 1 | . . . . . . 1 Utility 17 | . 2 5 1 3 3 3 Device 7 | . . 5 . 1 . 1 Storage 1 | . . . 1 . . . Processor 1 | . . . . . 1 . Hackware 3 | . 1 . . . 1 1 Protection 5 | . 1 . . 2 1 1 Artifact . | . . . . . . . Weapon 22 | 2 1 4 4 5 1 5 Energy Gun 7 | 2 . 2 . . . 3 Energy Cannon 1 | . . . . 1 . . Ballistic Gun 10 | . 1 2 3 3 1 . Ballistic Cannon 1 | . . . . . . 1 Launcher 1 | . . . 1 . . . Special Weapon . | . . . . . . . Impact Weapon . | . . . . . . . Slashing Weapon 2 | . . . . 1 . 1 Piercing Weapon . | . . . . . . . Special Melee Weapon . | . . . . . . . Unidentified Prototypes 3 | . . 1 . . . 2 Corrupted Parts 1 | . . . . . . 1 System Corruption 4 | . . . . . . 4 Parts Lost 7 | . . 2 1 3 . 1 Power 1 | . . . . 1 . . Propulsion 3 | . . . 1 1 . 1 Utility 1 | . . 1 . . . . Weapon 2 | . . 1 . 1 . . Highest Loss Streak 2 | . . 2 1 1 . 1 To Critical Strikes . | . . . . . . . Average Backups 14 | 1 4 4 10 19 19 17 Power . | . . 1 2 2 1 . Propulsion 3 | . . 1 2 5 4 3 Utility 5 | . 1 1 3 5 7 7 Weapon 4 | . 1 1 2 5 6 5 Tool/Special . | . . . . . . . Unused Backups 27 | . . 1 . 7 2 17 Power 3 | . . . . 3 . . Propulsion 5 | . . . . 1 . 4 Utility 11 | . . 1 . . 1 9 Weapon 5 | . . . . 3 . 2 Tool/Special 3 | . . . . . 1 2 Average Slot Usage (%) 96 | . 84 99 97 97 99 95 Engine 10 | . 14 5 8 10 11 11 Core 1 | . . 8 1 . . . Leg 37 | . 28 28 42 39 33 42 Wheel 3 | . . . . 4 11 1 Device 3 | . . 8 1 2 . 3 Storage 8 | . . . 9 11 11 11 Hackware 5 | . 11 14 11 3 . 4 Protection 2 | . 1 5 . 2 9 . Energy Gun 5 | . 25 12 . . . 7 Ballistic Gun 10 | . 2 14 20 18 21 . Ballistic Cannon 2 | . . . . . . 6 Slashing Weapon 3 | . . . . 1 . 7 Peak Build Rating 40 | 5 9 24 22 26 25 40 Average Rating 24 | 3 7 13 19 23 23 32 On Entrance 13 | . 5 9 19 22 21 21 Avg Prop Armor Cover (%) 16 | 9 9 9 . 16 15 24 Naked Turns . | . . . . . . . Heaviest Build 62 | 8 12 13 49 60 59 62 Greatest Support 64 | 10 20 30 50 59 16 64 Greatest Overweight (x) 3 | . . . 1 3 3 3 Average Overweight (x) . | . . . . 1 2 . Largest Inventory Capacity 20 | 5 5 5 20 20 20 20 Average Capacity 16 | 5 5 5 17 20 20 20 Most Carried 20 | 2 5 5 19 20 20 20 Average Carried 15 | 1 4 4 10 19 19 18 Final Capacity 20 | 5 5 5 20 20 20 20 Final Carried 20 | 2 5 5 19 20 20 18 Class Distribution -------------------- 58% | Commander-Mutant 23% | Scavenger-Mutant 17% | Mutant Dominant Class ---------------- Mutant | -10/Materials Scavenger-Mutant | -10/Mines Scavenger-Mutant | -9/Materials Commander-Mutant | -9/Storage Commander-Mutant | -9/Recycling Commander-Mutant | -9/Scraptown Resources | -11 -10 -10 -9 -9 -9 -9 ----------- Run | Yrd Mat Min Mat Sto Rec Scr Matter Collected 2007 | 228 32 263 427 710 190 157 Remotely . | . . . . . . . Salvage Created 2765 | . 46 369 796 1181 373 . Parts 158 | . 2 28 45 67 16 . Haulers Intercepted 6 | . . . 2 4 . . Recyclers Shooed 7 | . . . 4 1 2 . Parts Field Recycled . | . . . . . . . Retrieved Matter . | . . . . . . . Parts Self-Destructed . | . . . . . . . Prevented . | . . . . . . . Parts Restored . | . . . . . . . Kills | -11 -10 -10 -9 -9 -9 -9 ------- Run | Yrd Mat Min Mat Sto Rec Scr Combat Hostiles Destroyed 50 | . 1 12 15 19 3 . Melee 2 | . . . . 2 . . Guns 38 | . 1 12 6 16 3 . Cannons 1 | . . . . 1 . . AOE 9 | . . . 9 . . . Classes Destroyed 13 | . 1 5 4 2 1 . Worker 2 | . . 1 . 1 . . Builder 2 | . . 2 . . . . Hauler 6 | . . . 2 4 . . Recycler 6 | . . . 4 . 2 . Operator 2 | . . . 1 1 . . Watcher 3 | . . . 2 1 . . Swarmer 14 | . . 6 7 1 . . Grunt 17 | . 1 2 6 7 1 . Brawler 1 | . . . . 1 . . Duelist 2 | . . . . 2 . . Protector 1 | . . . . . 1 . Sentry 13 | . . 2 2 8 1 . Assembled 2 | . . 2 . . . . Best Kill Streak 7 | . 1 3 7 4 2 . Combat Bots Only 7 | . 1 3 7 4 1 . Max Kills in Single Turn 6 | . 1 1 6 2 1 . Gunslinging 1 | . . . . 1 . . Exploded 6 | . . . 6 . . . Melee 1 | . . . . 1 . . Uniques/NPCs Destroyed . | . . . . . . . Combat | -11 -10 -10 -9 -9 -9 -9 -------- Run | Yrd Mat Min Mat Sto Rec Scr Hostile Shots Fired 266 | . 3 50 39 136 8 30 Missed 78 | . 1 13 13 42 2 7 Hits 188 | . 2 37 26 94 6 23 Melee 12 | . . 3 . 5 . 4 Projectile 176 | . 2 34 26 89 6 19 Critical Strikes 10 | . . . 1 7 . 2 Damage Taken 2598 | . 20 395 309 1373 126 375 Core 490 | . . 81 89 198 2 120 Absorbed by Shields . | . . . . . . . Core Remaining (%) 83 | 100 . 67 . . . . Volleys Fired 210 | 1 5 37 48 107 12 . Largest 2 | 2 2 2 2 2 2 . Hottest 91 | 80 80 85 46 91 46 . Shots Fired 393 | 2 9 70 87 201 24 . Gun 366 | 2 9 70 79 182 24 . Cannon 19 | . . . . 19 . . Launcher 8 | . . . 8 . . . Special . | . . . . . . . Kinetic 327 | . 3 39 79 182 24 . Thermal 49 | 1 1 28 . 19 . . Explosive 8 | . . . 8 . . . Electromagnetic 9 | 1 5 3 . . . . Robot Hit Streak 12 | 2 1 7 8 12 12 . Robot Miss Streak 4 | . 2 4 4 4 2 . Penetration Max . | . . . . . . . Secondary Targets 4 | . . . . 4 . . Max Gunslinging Chain 1 | . . . . 1 . . Shots Hit Robots 237 | 2 3 38 49 127 18 . Core Hits 115 | 1 3 21 34 45 11 . Critical Kills . | . . . . . . . Critical Parts Destroyed 1 | . . . 1 . . . Critical Strikes 3 | . . 2 1 . . . Burn 2 | . . 2 . . . . Destroy 1 | . . . 1 . . . Melee Attacks 11 | . . . . 7 . 4 Impact . | . . . . . . . Slashing 11 | . . . . 7 . 4 Piercing . | . . . . . . . Sneak Attacks . | . . . . . . . Combat Hostiles . | . . . . . . . Follow-up Attacks . | . . . . . . . Damage Inflicted 4487 | 77 47 479 1343 2180 361 . Guns 3359 | 24 41 459 765 1781 289 . Cannons 227 | . . . . 227 . . Explosions 631 | 53 . . 578 . . . Melee 135 | . . . . 135 . . Ramming 135 | . 6 20 . 37 72 . Kinetic 3060 | . 15 210 765 1781 289 . Thermal 507 | 64 . 216 . 227 . . Explosive 578 | . . . 578 . . . Electromagnetic 72 | 13 26 33 . . . . Impact . | . . . . . . . Slashing 135 | . . . . 135 . . Piercing . | . . . . . . . Highest Corruption 11 | . . 10 . 10 11 11 Average Corruption 9 | . . 9 . 8 10 10 Corruption Purged . | . . . . . . . Corruption Blocked . | . . . . . . . Effects 90 | . . 14 . 34 38 4 Message Errors 19 | . . 1 . 11 6 1 Matter Fused 20 | . . 5 . 2 12 1 Heat Flow Errors 5 | . . . . 5 . . Energy Discharges 14 | . . 4 . 5 4 1 Parts Rejected 2 | . . 1 . . 1 . Parts Fused 1 | . . . . 1 . . Data Loss (minor) 14 | . . 2 . 1 10 1 Data Loss (major) 4 | . . . . 1 3 . Misfires 1 | . . . . . 1 . Alerts 2 | . . 1 . 1 . . Weapon Failures 8 | . . . . 7 1 . Overload Shots . | . . . . . . . Overflow Damage 77 | . . . 72 5 . . Projectiles . | . . . . . . . Explosions 72 | . . . 72 . . . Melee 5 | . . . . 5 . . Knockbacks . | . . . . . . . Impact . | . . . . . . . Kinetic . | . . . . . . . Secondary . | . . . . . . . Self-Inflicted Damage 64 | . . . 30 . 34 . Shots 1 | . . . 1 . . . Rammed 11 | . . . . . 11 . Targets Rammed 25 | . 2 4 1 7 11 . Kicked 14 | . 2 4 1 7 . . Crushed . | . . . . . . . Highest Temperature 303 | 3 3 303 19 270 4 73 Average Temperature 85 | 2 1 90 7 90 4 46 Received Heat Transfer 932 | . 12 27 135 525 27 206 Siege Activations . | . . . . . . . Martial Activations . | . . . . . . . Shielding Activations . | . . . . . . . Robots Disrupted . | . . . . . . . Combat Hostiles . | . . . . . . . Robots Corrupted . | . . . . . . . Combat Hostiles . | . . . . . . . Parts Fried . | . . . . . . . Impact Corruptions . | . . . . . . . Robots Melted . | . . . . . . . Combat Hostiles . | . . . . . . . Parts Melted 3 | . . 3 . . . . Heat Transferred 1198 | 125 . 666 . 407 . . Parts Sabotaged . | . . . . . . . Parts Stolen 2 | . . . . . . 2 Parts Stripped . | . . . . . . . Power Chain Reactions 1 | 1 . . . . . . Alert | -11 -10 -10 -9 -9 -9 -9 ------- Run | Yrd Mat Min Mat Sto Rec Scr Maximum Alert Level 2 | . . . 1 2 1 . Low Security (%) 70 | 100 100 100 14 63 72 . Level 1 24 | . . . 85 23 27 . Level 2 4 | . . . . 13 . . Level 3 . | . . . . . . . Level 4 . | . . . . . . . Level 5 . | . . . . . . . High Security . | . . . . . . . Max Security . | . . . . . . . Peak Influence 593 | . 30 78 298 593 226 . Initial 225 | . . 9 . 111 225 . Average 138 | . 5 20 231 198 177 . Influence Increases 2297 | . 76 250 502 1116 353 . Destroy 0b10 Robot/C 1240 | . 20 200 300 600 120 . Destroy 0b10 Robot/NC 125 | . . 15 45 40 25 . Destroy Leader 308 | . 10 30 78 190 . . Allied During Kill 198 | . . . . 165 33 . Successful Hack 122 | . 46 5 17 29 25 . Select Force Hacks 150 | . . . . . 150 . Disable Machine 60 | . . . 15 45 . . Destroy Structure 49 | . . . 47 2 . . Lose Combat Pursuer 45 | . . . . 45 . . Influence Decreases 2297 | . 52 274 238 801 800 132 Entered New Map 654 | . . 15 . 153 354 132 Time Decay 1383 | . 52 239 228 478 386 . Lost Part 60 | . . 20 10 30 . . Lost Ally 200 | . . . . 140 60 . Squads Dispatched 11 | . 2 . 2 7 . . Investigation 4 | . 1 . . 3 . . Extermination . | . . . . . . . Reinforcement 5 | . 1 . 2 2 . . Assault 2 | . . . . 2 . . Garrison . | . . . . . . . Intercept . | . . . . . . . Searches Triggered . | . . . . . . . Construction Impeded . | . . . . . . . Haulers Reinforced . | . . . . . . . Active Scanning Responses . | . . . . . . . Cargo Convoy Interrupts . | . . . . . . . Stealth | -11 -10 -10 -9 -9 -9 -9 --------- Run | Yrd Mat Min Mat Sto Rec Scr Distress Signals 5 | . . . 2 3 . . Communications Jammed . | . . . . . . . Distress Signals . | . . . . . . . Times Spotted 95 | . 3 12 22 36 6 16 Peak Tracking Total 9 | . 1 3 8 5 2 9 Tactical Retreats 3 | . . . . 3 . . Traps | -11 -10 -10 -9 -9 -9 -9 ------- Run | Yrd Mat Min Mat Sto Rec Scr Traps Triggered 9 | . . . . 9 . . Indirectly . | . . . . . . . Trap Hack Attempts . | . . . . . . . Triggered . | . . . . . . . Disarmed . | . . . . . . . Reprogrammed . | . . . . . . . Reused . | . . . . . . . Traps Extracted . | . . . . . . . Installed . | . . . . . . . Triggered . | . . . . . . . Machines | -11 -10 -10 -9 -9 -9 -9 ---------- Run | Yrd Mat Min Mat Sto Rec Scr Machines Disabled 4 | . . . 1 3 . . Max in Single Turn 1 | . . . 1 1 . . Machines Repaired . | . . . . . . . Machines Dismantled . | . . . . . . . Machines Sabotaged . | . . . . . . . Overloaded Fab Kills . | . . . . . . . Hacking | -11 -10 -10 -9 -9 -9 -9 --------- Run | Yrd Mat Min Mat Sto Rec Scr Machines Accessed 38 | . 6 1 5 9 12 5 Terminals 27 | . 6 1 5 9 6 . Fabricators . | . . . . . . . Repair Stations . | . . . . . . . Recycling Units 5 | . . . . . 5 . Scanalyzers . | . . . . . . . Garrison Access . | . . . . . . . Total Hacks 131 | . 23 2 16 25 29 36 Successful 85 | . 12 1 9 9 18 36 Failed 44 | . 10 1 6 16 11 . Catastrophic 9 | . 1 . 3 4 1 . Database Lockouts 2 | . 1 . 1 . . . Manual 36 | . 4 2 9 8 13 . Terminals 84 | . 23 2 16 25 18 . Fabricators . | . . . . . . . Repair Stations . | . . . . . . . Recycling Units 6 | . . . . . 6 . Scanalyzers . | . . . . . . . Garrison Access . | . . . . . . . Terminal Hacks 80 | . 12 1 9 9 13 36 Record 48 | . 3 . 5 . 5 35 Part Schematic 4 | . . . . 3 1 . Robot Schematic 2 | . . . . 1 1 . Robot Analysis 7 | . 1 1 . . 5 . Prototype ID Bank 5 | . 1 . 1 2 1 . Open Door 3 | . . . . 2 . 1 Level Access Points 1 | . 1 . . . . . Branch Access Points 1 | . . . 1 . . . Locate Traps 2 | . 2 . . . . . Dispatch Records 1 | . 1 . . . . . Surveillance Status 1 | . 1 . . . . . Transport Status 1 | . . . 1 . . . Recall Investigation 1 | . 1 . . . . . Hauler Manifests 1 | . . . 1 . . . Registered Components 1 | . 1 . . . . . Zone Layout 1 | . . . . 1 . . Fabricator Hacks . | . . . . . . . Repair Station Hacks . | . . . . . . . Recycling Unit Hacks . | . . . . . . . Scanalyzer . | . . . . . . . Garrison Access Hacks . | . . . . . . . Unauthorized Hacks 5 | . . . . . 5 . Terminals . | . . . . . . . Fabricators . | . . . . . . . Repair Stations . | . . . . . . . Recycling Units 5 | . . . . . 5 . Tunnel 5 | . . . . . 5 . Scanalyzers . | . . . . . . . Garrison Access . | . . . . . . . Data Cores Recovered 1 | . 1 . . . . . Used 1 | . 1 . . . . . Hacking Detections 25 | . 6 1 4 8 6 . Full Trace Events 2 | . . . . 2 . . Feedback Events . | . . . . . . . Feedback Blocked . | . . . . . . . Robot Schematics Acquired 2 | . . . . 1 1 . Robots Built . | . . . . . . . Authchips . | . . . . . . . Time . | . . . . . . . Total Robot Build Rating . | . . . . . . . Part Schematics Acquired 4 | . . . . 3 1 . Parts Built . | . . . . . . . Authchips . | . . . . . . . Time . | . . . . . . . Total Part Build Rating . | . . . . . . . Part Studies Acquired . | . . . . . . . Parts Repaired . | . . . . . . . Time . | . . . . . . . Parts Recycled . | . . . . . . . Recycled Matter . | . . . . . . . Retrieved Matter . | . . . . . . . Retrieved Components . | . . . . . . . Parts Scanalyzed . | . . . . . . . Part Schematics Acquired . | . . . . . . . Parts Damaged . | . . . . . . . Bothacking | -11 -10 -10 -9 -9 -9 -9 ------------ Run | Yrd Mat Min Mat Sto Rec Scr Used RIF Installer . | . . . . . . . Robots Hacked . | . . . . . . . Non-combat . | . . . . . . . Combat . | . . . . . . . Robot Hacks Applied . | . . . . . . . Relay Couplers Released . | . . . . . . . Fabnet Peak Effective % . | . . . . . . . Robots Rewired 7 | . . . . . 7 . Allies Hacked . | . . . . . . . Hacks Repelled . | . . . . . . . Allies | -11 -10 -10 -9 -9 -9 -9 -------- Run | Yrd Mat Min Mat Sto Rec Scr Total Allies 19 | . . . . 12 7 . Largest Group 10 | . . . . 10 10 5 Highest-Rated Group 125 | . . . . 88 125 51 Highest-Rated Ally 31 | . . . . 31 21 18 Total Orders 4 | . . . . 4 . . EXPLORE 2 | . . . . 2 . . RETURN 2 | . . . . 2 . . Ally Attacks 99 | . . . . 81 16 2 Total Damage 735 | . . . . 579 135 21 Kills 17 | . . . . 12 4 1 Allies Corrupted . | . . . . . . . Allies Melted . | . . . . . . . Intel | -11 -10 -10 -9 -9 -9 -9 ------- Run | Yrd Mat Min Mat Sto Rec Scr Active Infowar (turns) 331 | . . 303 . . 28 . Optics 28 | . . . . . 28 . Seismic 303 | . . 303 . . . . Robot Analysis Total 7 | . 1 1 . . 5 . Derelict Logs Recovered 1 | . . 1 . . . . Drone Launches 4 | . . . . 4 . . Drone Recoveries 2 | . . . . 2 . . Exploration | -11 -10 -10 -9 -9 -9 -9 ------------- Run | Yrd Mat Min Mat Sto Rec Scr Turns Passed 6313 | 40 294 952 514 1234 905 2374 Spaces Moved 4218 | 29 223 667 274 607 519 1899 Core 9 | 9 . . . . . . Treads . | . . . . . . . Legs 3212 | 20 223 667 274 346 . 1682 Wheels 997 | . . . . 261 519 217 Hover . | . . . . . . . Flight . | . . . . . . . Fastest Speed 50 | 50 120 120 120 120 130 120 Average Speed 125 | 98 120 120 120 131 144 122 Slowest Speed 190 | 120 120 120 190 190 145 190 Overloaded Moves . | . . . . . . . Propulsion Burnouts . | . . . . . . . Robots Hopped . | . . . . . . . Potential Cave-ins . | . . . . . . . Cave-ins Triggered . | . . . . . . . Exploration Rate (%) 65 | 3 46 97 31 88 98 92 Regions Visited 6 Branch Regions 4 Pre-discovered Areas 5 | . . . . . 5 . Known Exits Taken 3 | . . 1 1 1 . . Unknown Exits Taken 3 | 1 1 . . . 1 . Scrap Searched 5 | . . 1 . . . 4 Spaces Dug 1 | . . . . 1 . . Terrain Destroyed 62 | . . . 61 1 . . Melee 1 | . . . . 1 . . Projectile . | . . . . . . . AOE 61 | . . . 61 . . . Terrain Rammed . | . . . . . . . Walls Destroyed . | . . . . . . . Machines Disabled . | . . . . . . . Actions | -11 -10 -10 -9 -9 -9 -9 --------- Run | Yrd Mat Min Mat Sto Rec Scr Total 4828 | 36 238 757 368 830 650 1949 Wait 86 | . 3 17 17 42 7 . Move 4212 | 28 222 666 273 606 518 1899 Hop . | . . . . . . . Pick Up 55 | 2 3 3 14 17 5 11 Fast Attach 28 | 5 2 8 5 2 2 4 Attach 18 | . . 2 1 6 2 7 Detach 17 | . . 2 2 5 3 5 Swap 29 | . 1 5 5 11 2 5 Drop 57 | . . 13 2 20 8 14 Fire 210 | 1 5 37 48 107 12 . Melee 11 | . . . . 7 . 4 Ram 11 | . . . . . 11 . Kick 14 | . 2 4 1 7 . . Crush . | . . . . . . . Escape Stasis . | . . . . . . . Rewire 80 | . . . . . 80 . Trap . | . . . . . . . Miscellaneous . | . . . . . . . Route ------- -11/Scrapyard -10/Materials (discovered 4 exits: *Mat x3 / *Min) -10/Mines (discovered 2 exits: *Mat x2) -9/Materials (discovered 4 exits: *Min x2 / *Sto x2) -9/Storage (discovered 2 exits: [*Mat] / *Rec) -9/Recycling (discovered 2 exits: [*Fac] / *Scr) -9/Scraptown (discovered 2 exits: [*Fac x2]) History --------- Turn | Location | Event 19 | -11/Scrapyard | Discovered new exit (range 16) 41 | -11/Scrapyard | Entered Materials 42 | -10/Materials | Met a group of wandering Federalists 110 | -10/Materials | Identified exit to Materials 115 | -10/Materials | Central database locked down 301 | -10/Materials | Discovered new exit (range 7) 316 | -10/Materials | Build established: Mutant 335 | -10/Materials | Entered Mines 360 | -10/Mines | Assembled infested the area 365 | -10/Mines | Assisted by a Guerilla fighting off Assembled 598 | -10/Mines | Received a Rocket Launcher from a helpful Derelict 822 | -10/Mines | Discovered exit to Materials (range 9) 911 | -10/Mines | System corruption reached 10% 967 | -10/Mines | Found a damaged Exp. Sensor Array with a note attached 970 | -10/Mines | Found Prototype Device 970 | -10/Mines | Identified Exp. Sensor Array 996 | -10/Mines | Build established: Scavenger-Mutant 1014 | -10/Mines | Discovered exit to Materials (range 11) 1287 | -10/Mines | Entered Materials 1287 | -9/Materials | Evolved 2 slots: Propulsion x2 1382 | -9/Materials | Destroyed 7 combat bots 1451 | -9/Materials | Discovered new exit (range 10) 1455 | -9/Materials | Central database locked down 1556 | -9/Materials | Discovered new exit (range 10) 1644 | -9/Materials | Identified exit to Mines 1644 | -9/Materials | Identified exit to Storage 1801 | -9/Materials | Entered Storage 1802 | -9/Storage | Identified exit to Recycling 2172 | -9/Storage | Met a pair of Derelict thieves 2318 | -9/Storage | System corruption reached 10% 2376 | -9/Storage | Core integrity fell below 50% 2469 | -9/Storage | Build established: Mutant 2579 | -9/Storage | Assisted by bots powering up and referring to "LRC-V3" 2729 | -9/Storage | Lost 3 allies 2874 | -9/Storage | Build established: Commander-Mutant 2912 | -9/Storage | Discovered new exit (range 16) 3023 | -9/Storage | Used back door to open Recycling access 3035 | -9/Storage | Entered Recycling 3035 | -9/Recycling | Accompanied by 6 allies 3334 | -9/Recycling | Discovered new exit (range 16) 3905 | -9/Recycling | Scanned before Scraplab entrance 3937 | -9/Recycling | Discovered new exit (range 3) 3940 | -9/Recycling | Entered Scraptown 3940 | -9/Scraptown | Accompanied by 5 allies 4035 | -9/Scraptown | System corruption cleaned by C-Scrubber 4082 | -9/Scraptown | System corruption cleaned by C-Scrubber 4329 | -9/Scraptown | Discovered new exit (range 5) 4415 | -9/Scraptown | Visited Cave Peace 4473 | -9/Scraptown | Visited UFD Registry 4506 | -9/Scraptown | Visited TADAMA 4541 | -9/Scraptown | Visited SPCMW 4577 | -9/Scraptown | Visited Observation Area 4614 | -9/Scraptown | Visited Spacefarers 4889 | -9/Scraptown | Registered with UFD as "Smoothform" 4933 | -9/Scraptown | Visited CPS Storage 5322 | -9/Scraptown | Visited Sword Containment 5335 | -9/Scraptown | Found Prototype Slashing Weapon 5501 | -9/Scraptown | Visited Botcube Research 5511 | -9/Scraptown | Found Botcube 5535 | -9/Scraptown | Visited Abandonware Association 5560 | -9/Scraptown | Learned abandonware demo "HACKBUD.EXE" 5819 | -9/Scraptown | Visited Science Testing Area 5843 | -9/Scraptown | Visited Scrapoid Pod Storage 5866 | -9/Scraptown | Visited Junk Repository 5915 | -9/Scraptown | Found Scrapoid Pod 5967 | -9/Scraptown | Visited Supply Room 6022 | -9/Scraptown | Visited DA-N13 Charitable Foundation 6029 | -9/Scraptown | Found DCF Scrap (30 items) 6059 | -9/Scraptown | Visited Chapter 10 6127 | -9/Scraptown | Identified Companion Sword 6221 | -9/Scraptown | Met Optimus 6221 | -9/Scraptown | Accepted into 0bPrime 6296 | -9/Scraptown | Civil war broke out across Scraptown 6301 | -9/Scraptown | Discovered new exit (range 5) 6309 | -9/Scraptown | Core integrity fell below 20% 6314 | -9/Scraptown | Destroyed by 2X-CY9(j) with Overtuned Pulse Rifle Last Messages --------------- 06301_ G5-9QB(r) follow-up attacks with Ripteeth. 06301_ EXIT=FOUND 06305_ CO-4CM(E) suffers critical hit (Burn). 06305_ CO-4CM(E) destroyed. 06306_ 91-PAB(E) destroyed. 06307_ Critical hit (Burn: +50). 06308_ Imp. Carbon-fiber Leg ripped off. 06309_ CO-OWN(j) heat spikes uncontrollably. 06309_ Imp. Aluminum Leg destroyed. 06310_ Drone Bay ripped off. 06310_ G5-9QB(r) destroyed. 06311_ CO-OWN(j) destroyed. 06311_ Slug penetrates X0-XK3(j). 06312_ X0-XK3(j) destroyed. 06313_ 02-ZPT(j): "0bPrime holds too much power!" 06313_ Acquired Unknown Treads. 06313_ Identified Ovr. Treads. 06313_ Bolt penetrates Wall. Map ----- +----------------------------------------------------+ | | | | | | | | | | | | | | | | | | | ?????????????????????????????????????????????????? | | ?????????????????????????????????????????????????? | | ?????????????????????????????????????????????????? | | ?????????????????????????????????????????????????? | | ?????????????????????????????????????????????????? | | ?????????????????????????????????????????????????? | | ?????????????????????????????????????????????????? | | ?????????????????????????????????????????????????? | | ?????????????????????????????????????????????????? | | ?????????????????????????????????????????????????? | | ?????????????????????????????????????????????????? | | ???????????????????????????###???????????????????? | | ??????????????????????????"""#???????????????????? | | ????????????????####??????"j"#???????????????????? | | ???????????????## ##??###hpj#???????????????????? | | ????""|##!!"#### ####=#/jg##??????????????????? | | ??? /[=!E@!==%#??????????????????? | | ??? lugg!![E%jj*#??????????????????? | | ??????????###### ###########??????????????????? | | ???????????????## ##????????????????????????????? | | ????????????????# #?????????????????????????????? | | ????????????????# #?????????????????????????????? | | ????????????????# #?????????????????????????????? | | ??????????????#?# #?????????????????????????????? | | ???????""????""## #?????????????????????????????? | | ######"""" "## ######?###????????????????????? | | ## # " """ ## #"" """==#????????????????????? | | ##= # """""" ## #" ""]==#????????????????????? | | ]=|%[#" """ ## #!" ]]]""?????????????????????? | | *!=! #"" ## #"| ""#????????????????????? | | * #? ## # #????????????????????? | | =! #???"""""??# # #????????????????????? | | ######????# #???# ## #######????????????????????? | | ########### ##### ## #########??????????????????? | | """"""""""" """"" "" "## = #??????????????????? | | "## ![#??????????????????? | | "## ####??????????????????? | | "## ]!#??????????????????? | | "## ]]#??????????????????? | | =#??????????????????? | | """"""""""""""""" "## =####??????????????????? | +----------------------------------------------------+ Best States ------------- Heat Dissipation 42 Energy Generation 14 Energy Capacity 280 Matter Stores 300 Matter Capacity 300 Sight Range 18 Terrain Scan Density 10 Armor Coverage 150 Evasion (%) 55 Offensive Hacking 10 Authchip Count 5 Item Schematics ----------------- Remote Datajack | -9/Storage | Hacked Reflective Plating | -9/Storage | Hacked Component Analysis Suite | -9/Storage | Hacked Hrd. Medium Armor Plating | -9/Recycling | Hacked Robot Schematics ------------------ L-31 Rogue | -9/Storage | Hacked G-34 Mercenary | -9/Recycling | Hacked Fabricated ------------ Nothing Repaired ---------- Nothing Studied --------- None Alien Tech Used ----------------- None Achievements -------------- Network Effect You May Approach The Wall \\IAMDERELICT Challenges ------------ None Game ------ Seed DiametricAnalysisProtomatter Manual? 0 Play Time 01:35:45 Cumulative 49.0 hours Start 2026.07.16 @ 21:20:19 End 2026.07.16 @ 23:00:46 Sessions 1 Manual Loads 0 Difficulty Rogue Special Mode None Game No. 22 Rogue 20 Adventurer 2 Explorer 0 Win Type - Total 1 Types 1/0/0/0/0/0/0/0/0/0 Lore% 22 Gallery% 31 Achievement% 27 Wizard Run 0 Options --------- Layout 1 ASCII 0 Keyboard 1 Movement Numpad Keybinds 0 Fullscreen 1 Font 24/Smallcaps Map View 50x35 Zoom Use 0% Tactical HUD 1 Map Filters NONE Filters NONE Steam 1 RUN: b362c95c-6a73-4385-9340-176efc5eef88